cohdb
Replays
Latest Replays
All Replays
Popular Replays
Top Player Replays
Match Explorer
How It Works
Community
CoH3 Stats
Reddit
Sign in to upload your games and track your stats! →
Sign in with Steam
armor spam deserve jaeger spam
Match 27000523
Overview
Messages
Build Orders
End
Kettenkrad Recon Vehicle
Construct Infanterie Kompanie
Grenadier Squad
MG 42 Machine Gun Team
Grenadier Squad
Construct Luftwaffe Kompanie
Jäger Squad
Selects Mechanized Battlegroup
Medical Station
Selects Raid Package
Jäger Squad
Selects 8 Rad Armored Car
8 Rad Armored Car
Jäger Squad
Luftwaffe Officer Quarters
Jäger Squad
Support Elements
Marder III M Tank Destroyer
Marder III M Tank Destroyer
Selects Panther Heavy Tank
Panther Heavy Tank
Pioneer Squad
Pioneer Squad
Selects Spotting Scopes
Selects Stoßtruppen Assault Package
Panther Heavy Tank
Selects Mechanized Assault
Mechanized Assault
Panther Heavy Tank
MG 42 Machine Gun Team
Infanterie Officer Quarters
MG 42 Machine Gun Team
Mechanized Assault
Mechanized Assault
lattouf
JEFG
0
0
Comments
sign in to comment!
No comments posted yet!